AoeStats
← PROJECTX

MegaRandom

509452830Analyzed
4v4 RM · 5d ago on Sep 26, 2026· 52m 37s· 8 players
Game mode
Random Map
Map size
Large (8 player)
Population
200
Speed
Normal
Resources
Standard
Victory
Conquest
Starting age
Dark Age
Ending age
Imperial Age
RankedLock teamsTeams togetherTeam positionsShared explorationLock speedFull tech treeHidden civsTurbo modeCheats
Victory
Defeat
🇩🇪 Persians · Germany
1059
+16
🇮🇳 Aztecs · India
1018
+17
🇵🇪 Franks · Peru
947
+20
🇩🇪 Khmer · Germany
944
+21
🇦🇷 Mongols · Argentina
1090
-20
🇦🇷 Bohemians · Argentina
1073
-20
🇦🇷 Varangians · Argentina
1040
-18
🇦🇷 Japanese · Argentina
980
-16
PROJECTX
11:04 Loom
13:56 Feudal Age
18:35 Castle Age
17:03 Horse Collar
18:44 Double-Bit Axe
19:31 Bloodlines
22:24 Husbandry
26:10 Pikeman
32:06 Squires
33:39 Wheelbarrow
33:26 Gold Mining
33:49 Bow Saw
33:49 Heavy Plow
36:07 Hand Cart
39:18 Imperial Age
42:48 Guilds
42:11 Elite War Elephant
45:06 Forging
45:02 Scale Barding Armor
47:31 Two-Man Saw
47:15 Iron Casting
Kim-Jong-Kill
12:17 Feudal Age
14:46 Loom
17:34 Castle Age
16:20 Double-Bit Axe
18:31 Fletching
19:23 Wheelbarrow
21:22 Horse Collar
24:52 Bloodlines
24:56 Gold Mining
27:14 Ballistics
27:16 Scale Barding Armor
32:29 Imperial Age
33:13 Double Crossbow
34:17 Chemistry
33:36 Elite Ballista Elephant
44:05 Conscription
Thicc Daddy
0:34 Loom
11:39 Feudal Age
12:15 Town Watch
14:30 Gold Mining
14:34 Double-Bit Axe
15:12 Horse Collar
20:03 Forging
19:54 Scale Mail Armor
25:14 Castle Age
26:33 Iron Casting
26:14 Chain Mail Armor
25:23 Eagle Warrior
26:05 Squires
26:51 Wheelbarrow
28:22 Bow Saw
29:24 Heavy Plow
29:22 Fletching
33:19 Hand Cart
36:23 Imperial Age
33:56 Stone Mining
35:22 Gold Shaft Mining
35:09 Town Patrol
40:00 Blast Furnace
39:30 Plate Mail Armor
40:28 Conscription
40:07 Elite Eagle Warrior
42:09 Garland Wars
43:27 Ballistics
44:01 Arson
45:26 Elite Jaguar Warrior
Juminican
14:33 Feudal Age
12:49 Loom
15:40 Double-Bit Axe
19:15 Castle Age
22:53 Scale Barding Armor
24:39 Fletching
30:54 Bow Saw
31:24 Bodkin Arrow
31:46 Squires
31:32 Arson
32:49 Husbandry
32:15 Pikeman
33:19 Town Watch
34:40 Wheelbarrow
34:39 Forging
34:59 Gold Mining
34:59 Stone Mining
37:34 Chain Barding Armor
37:55 Iron Casting
38:01 Town Patrol
42:40 Imperial Age
43:02 Hand Cart
42:45 Cavalier
44:05 Plate Barding Armor
44:31 Blast Furnace
43:49 Ordonnance Companies
44:51 Conscription
44:31 Chivalry
45:25 Gold Shaft Mining
46:28 Chemistry
46:07 Paladin
46:23 Halberdier
48:07 Ballistics
ElAguuz
5:28 Loom
14:02 Feudal Age
15:42 Double-Bit Axe
21:23 Castle Age
23:31 Gold Mining
24:20 Bloodlines
24:21 Forging
24:16 Scale Barding Armor
29:46 Husbandry
32:53 Fletching
34:25 Padded Archer Armor
34:20 Bodkin Arrow
33:49 Elite Skirmisher
35:27 Town Watch
36:38 Thumb Ring
42:07 Horse Collar
42:39 Bow Saw
43:12 Wheelbarrow
43:42 Heavy Plow
45:15 Iron Casting
45:00 Chain Barding Armor
44:56 Leather Archer Armor
49:31 Hand Cart
EsteNoEsPaisa
10:10 Loom
13:31 Feudal Age
15:13 Double-Bit Axe
15:10 Horse Collar
22:40 Castle Age
23:47 Medium Warships
24:40 Wheelbarrow
26:09 Forging
25:59 Scale Mail Armor
26:10 Gambesons
31:56 Hand Cart
33:45 Fishing Lines
34:41 Bow Saw
36:28 Chain Mail Armor
36:48 Iron Casting
36:39 Elite Skirmisher
37:23 Padded Archer Armor
37:13 Fletching
41:40 Imperial Age
41:54 Elite Varangian Guard
43:59 Plate Mail Armor
46:07 Blast Furnace
45:30 Gold Mining
45:30 Stone Mining
49:05 Leather Archer Armor
48:45 Bodkin Arrow
50:55 Gothikon
52:14 Conscription
golden229269
3:26 Loom
11:48 Feudal Age
12:05 Man-at-Arms
12:31 Arson
13:04 Double-Bit Axe
13:48 Fishing Lines
18:38 Forging
18:29 Scale Mail Armor
23:28 Castle Age
24:25 Squires
23:47 Long Swordsman
24:48 Bloodlines
24:39 Husbandry
26:28 Wheelbarrow
27:29 Stone Mining
27:34 Gold Mining
27:30 Horse Collar
28:13 Scale Barding Armor
29:19 Bow Saw
29:44 Heavy Plow
34:12 Hand Cart
33:43 Town Watch
37:17 Imperial Age
38:49 Iron Casting
40:18 Two-Handed Swordsman
40:21 Cavalier
42:14 Pikeman
44:23 Halberdier
45:48 Gold Shaft Mining
45:57 Conscription
46:49 Chain Mail Armor
47:35 Blast Furnace
46:57 Town Patrol
47:58 Elite Samurai
51:28 Plate Mail Armor
Vagorr_
13:06 Feudal Age
19:31 Castle Age
18:44 Double-Bit Axe
18:54 Horse Collar
25:39 Chemistry
25:01 Ballistics
27:40 Padded Archer Armor
28:03 Forging
29:03 Fletching
32:10 Bow Saw
33:48 Wheelbarrow
36:10 Heavy Plow
36:08 Bodkin Arrow
36:29 Leather Archer Armor
37:34 Elite Skirmisher
41:05 Hand Cart
43:45 Imperial Age
42:48 Town Watch
44:00 Elite Hussite Wagon
45:00 Bracer
45:31 Ring Archer Armor
47:04 Wagenburg Tactics
49:34 Houfnice
Connection lost

Rejoining the realm…

Still unreachable

The connection could not be restored.

Session expired

The server has moved on; the page needs a fresh start.